 Dungeon Crawl Stone Soup version 0.28-a0-535-g6f645e4c1d (webtiles) character file.

Game seed: 12119812349615078633

64687 pokedragonboy the Severer (level 15, -2/136 (139) HPs)
             Began as a Hill Orc Fighter on Sept 27, 2021.
             Was a High Priest of Zin.
             Slain by a death scarab (11 damage)
             ... in a Gauntlet.
             The game lasted 00:52:04 (25785 turns).

pokedragonboy the Severer (Hill Orc Fighter)       Turns: 25785, Time: 00:52:04

HP:   -2/136 (139)  AC: 23    Str: 31    XL:     15   Next: 13%
MP:   28/28         EV:  8    Int: 15    God:    Zin [*****.]
Gold: 1243          SH:  5    Dex: 16    Spells: 12/14 levels left

rFire   . . .      SeeInvis +   a - +1 battleaxe (vorpal)
rCold   . . .      Faith    .   (shield currently unavailable)
rNeg    . . .      Spirit   .   n - +0 plate armour
rPois   ∞          Reflect  +   q - +0 helmet
rElec   .          Harm     .   j - +0 cloak
rCorr   .          Rampage  +   e - +0 pair of gloves
Will    ++...      NoTele   +   r - +1 pair of boots {rampage}
Stlth   ..........              G - amulet of reflection
HPRegen 0.32/turn               E - ring of willpower
MPRegen 0.21/turn               H - ring of see invisible

@: vitalised, on recite cooldown, slowed, lightly drained, very slow
A: no striking features
a: Renounce Religion, Recite, Vitalisation, Imprison, Sanctuary, Donate Gold


You were in a Gauntlet.
You worshipped Zin.
Zin was extremely pleased with you.
You visited 3 branches of the dungeon, and saw 19 of its levels.
You also visited: Gauntlet.

You collected 1381 gold pieces.
You donated 138 gold pieces to Zin.

Inventory:

Hand Weapons
 a - a +1 vorpal battleaxe (weapon)
 b - a +1 hand axe of flaming
Missiles
 v - 4 boomerangs (quivered)
 y - 2 throwing nets
Armour
 e - a +0 pair of gloves (worn)
 j - a +0 cloak (worn)
 n - a +0 plate armour (worn)
 q - a +0 helmet (worn)
 r - a +1 pair of boots of rampaging (worn)
Jewellery
 f - a +4 ring of protection
 t - a ring of flight
 E - a ring of willpower (left hand)
 G - an amulet of reflection (around neck)
 H - a ring of see invisible (right hand)
Wands
 g - a wand of mindburst (13)
 C - a wand of digging (7)
 K - a wand of paralysis (13)
 L - a wand of flame (14)
Scrolls
 d - 2 scrolls of amnesia
 h - 4 scrolls of enchant weapon
 l - 4 scrolls of teleportation
 m - 2 scrolls of noise {unknown}
 p - 2 scrolls of fog {unknown}
 u - 6 scrolls of fear
 w - a scroll of enchant armour {unknown}
 B - a scroll of magic mapping
 F - 5 scrolls of blinking
 I - 2 scrolls of vulnerability
 J - a scroll of torment {unknown}
 Q - a scroll of silence {unknown}
Potions
 c - a potion of mutation
 i - a potion of invisibility
 k - a potion of magic
 o - a potion of ambrosia {unknown}
 s - a potion of curing
 z - 3 potions of flight
 A - 2 potions of berserk rage {unknown}
 D - a potion of brilliance {unknown}
 M - 2 potions of might
 O - 3 potions of lignification


   Skills:
 + Level 14.5 Fighting
 + Level 18.6 Axes
 + Level 13.4 Armour
 - Level 4.0 Shields
 * Level 18.4 Invocations


You had 12 spell levels left.
You knew the following spells:

 Your Spells              Type           Power      Damage    Failure   Level
a - Blink                 Tloc           N/A        N/A       92%         2

Your spell library contained the following spells:

 Spells                   Type           Power      Damage    Failure   Level
 Frozen Ramparts          Ice            0%         1d2       99%         3
 Fulminant Prism          Conj/Hex       0%         3d6       100%        4
 Ice Form                 Ice/Tmut       0%         N/A       100%        4
 Iskenderun's Mystic Bla  Conj/Tloc      0%         2d3       100%        4
 Summon Ice Beast         Ice/Summ       0%         N/A       100%        4
 Lee's Rapid Deconstruct  Erth           0%         3d5*      100%        5
 Manifold Assault         Tloc           0%         N/A       100%        5
 Summon Forest            Summ/Tloc      0%         N/A       100%        5
 Summon Mana Viper        Hex/Summ       0%         N/A       100%        5
 Summon Cactus Giant      Summ           0%         N/A       100%        6
 Storm Form               Tmut/Air       0%         N/A       100%        7


Dungeon Overview and Level Annotations

Branches:
Dungeon (13/15)            Temple (1/1) D:6            Lair (6/6) D:10
 Shoals (0/4) Lair:2        Snake (0/4) Lair:3        Slime (0/5) Lair:5
    Orc (0/2) D:11        Gauntlet (1/1)
 Vaults: D:13-14

Altars:
Ashenzari
Cheibriados
Dithmenos
Elyvilon
Fedhas
Gozag
Hepliaklqana
Kikubaaqudgha
Makhleb
Nemelex Xobeh
Okawaru
Qazlal
Ru
Sif Muna
Trog
Uskayaw
Vehumet
Wu Jian
Xom
Yredelemnul
Zin
The Shining One

Shops:
D:9 *   D:11 [(

Annotations:
Lair:1 exclusion: 3 oklob plants
Lair:5 2 transporters, Gaergho's ghost, journeyman DrAK Gauntlet 11 transporters, 2 runed translucent doors, exclusion: orange crystal statue


Message History

Aim: a death scarab Zin imprisons the death scarab with walls of pure silver!
The death scarab waves its antennae.
You block the death scarab's attack.
You closely miss the death scarab.
The death scarab bites you but does no damage.
You are too injured to fight recklessly!
The death scarab bites you but does no damage.
The death scarab bites you.
The death scarab draws strength from your injuries!
The death scarab bites you!
* * * LOW HITPOINT WARNING * * *
The death scarab drains your vigour!
You feel as though you will be slow longer.
The death scarab draws strength from your injuries!
You closely miss the death scarab. The death scarab bites you!
* * * LOW HITPOINT WARNING * * *
The death scarab draws strength from your injuries!
The death scarab bites you but does no damage.
Unknown command.
You feel better.
The death scarab bites you but does no damage. x2
You hit the death scarab but do no damage.
The death scarab bites you!
* * * LOW HITPOINT WARNING * * *
The death scarab drains your vigour!
You feel as though you will be slow longer.
The death scarab draws strength from your injuries!
You feel better.
Zin releases the death scarab from its prison.
The death scarab bites you but does no damage.
The death scarab bites you!
* * * LOW HITPOINT WARNING * * *
The death scarab drains your vigour!
You feel as though you will be slow longer.
The death scarab draws strength from your injuries!
Okay, then.
It was a potion of magic.
Magic courses through your body. The death scarab bites you!
You die...

##.8.....8.....8..........
##.....................8...
#≈...###########...........
##...#.........#...########
#≈.∩.#.##...##.#...#5..#5#©
##...#..##.##.)#####.#.#.!#
#≈...#...#.#...#...#.#.#[}.
##.8©#....B#..©#©.©#.#.©###
#≈...#...#@#..)#...#.#....p
##...#..##B##.[#####..####.
#≈§∩.#.##...##.#...#....p55
##...#........Z#...########
#§§..###########...........
##§....................8...
##.8.....8.....8..........
#≈...............#########
##...#########...#........


You could see 2 death scarabs.

Vanquished Creatures
  The ghost of Eqaz the Marksminotaur, a journeyman MiHu of Okawaru (Lair:4)
  8 hydras
  Fannar (D:11)
  A boulder beetle (Lair:4)
  3 catoblepae (Lair:6)
  Harold (D:9)
  9 death yaks (Lair:6)
  3 two-headed ogres
  A spectral death yak (Gauntlet)
  An orc knight (D:11)
  A lindwurm (Lair:6)
  An orc sorcerer (D:10)
  4 cyclopes
  3 manticores
  Joseph (D:7)
  4 centaur zombies
  2 black mambas
  35 elephants
  A torpor snail (Lair:6)
  12 cane toads
  An unseen horror (D:11)
  4 kobold demonologists
  A rime drake (Lair:6)
  7 komodo dragons
  2 trolls (D:10)
  4 polar bears
  A hornet (D:7)
  9 blink frogs
  A spectral dream sheep (Gauntlet)
  4 wyverns
  2 shadows
  2 wraiths
  3 fire bats (Lair:5)
  Eustachio (D:5)
  5 basilisks
  54 yaks
  A steam dragon (D:8)
  3 nagas (Lair:3)
  16 water moccasins
  13 wargs (D:10)
  Duvessa (D:7)
  An acid dragon (D:10)
  A hell hound (D:10)
  7 orc warriors
  4 black bears
  4 ogres
  A sky beast (D:8)
  A necrophage (D:7)
  13 wolves
  6 kobold brigands
  5 bullfrogs
  2 gnoll sergeants (D:10)
  3 scorpions
  Dowan (D:7)
  6 killer bees (D:10)
  A water moccasin skeleton (D:5)
  10 wights
  9 howler monkeys
  5 jellies
  14 orc priests
  2 hounds
  4 gnoll shamans (D:10)
  2 iguanas
  12 orc wizards
  7 hell rats (Lair:6)
  A scorpion zombie (D:5)
  A killer bee zombie (D:8)
  A howler monkey zombie (D:8)
  A howler monkey skeleton (D:4)
  6 adders
  3 gnolls (D:6)
  5 white imps
  An ufetubus (D:7)
  An adder skeleton (D:5)
  3 worms
  3 dart slugs
  56 orcs
  5 bats
  7 endoplasms
  4 giant cockroaches
  8 goblins
  4 hobgoblins
  11 kobolds
  2 quokkas
  A ball python (D:3)
  2 frilled lizards
  2 rats (D:1)
477 creatures vanquished.

Vanquished Creatures (others)
  An orc knight (D:11)
  42 fungi
  62 plants
105 creatures vanquished.

Grand Total: 582 creatures vanquished

Notes
Turn   | Place    | Note
-------+----------+-------------------------------------------
     0 | D:1      | pokedragonboy the Hill Orc Fighter began the quest for the
                  | Orb.
     0 | D:1      | Reached XP level 1. HP: 19/19 MP: 1/1
   105 | D:1      | Reached XP level 2. HP: 16/27 MP: 2/2
   563 | D:1      | Reached skill level 1 in Invocations
   881 | D:1      | Reached XP level 3. HP: 33/33 MP: 3/3
   942 | D:2      | Found a white marble altar of Elyvilon.
  1094 | D:2      | Became a worshipper of Elyvilon the Healer
  1757 | D:2      | Reached XP level 4. HP: 39/40 MP: 5/5
  1955 | D:3      | Found a faded altar of an unknown god.
  2166 | D:3      | Reached * piety under Elyvilon
  2524 | D:4      | Reached XP level 5. HP: 36/46 MP: 6/6
  2598 | D:4      | Found a snail-covered altar of Cheibriados.
  2622 | D:4      | Found a glowing golden altar of the Shining One.
  2671 | D:4      | Noticed an ogre
  3029 | D:4      | Reached skill level 5 in Axes
  3076 | D:4      | Reached XP level 6. HP: 39/53 MP: 8/8
  3279 | D:4      | Fell from the grace of Elyvilon
  3279 | D:4      | Became a worshipper of the Shining One
  3503 | D:5      | Entered Level 5 of the Dungeon
  3853 | D:5      | Found a sparkling altar of Nemelex Xobeh.
  3893 | D:4      | Reached skill level 5 in Fighting
  3893 | D:4      | Reached XP level 7. HP: 49/61 MP: 9/9
  4770 | D:5      | Found a shimmering altar of Xom.
  4779 | D:5      | Reached * piety under the Shining One
  5894 | D:5      | Reached skill level 5 in Armour
  6168 | D:6      | Noticed Eustachio
  6181 | D:5      | Reached XP level 8. HP: 46/70 MP: 11/11
  6182 | D:5      | Reached skill level 5 in Invocations
  6201 | D:5      | Killed Eustachio
  6456 | D:6      | Reached ** piety under the Shining One
  6603 | D:6      | Reached XP level 9. HP: 74/78 MP: 13/13
  6716 | D:6      | Noticed a two-headed ogre
  7202 | D:6      | Found a staircase to the Ecumenical Temple.
  7211 | Temple   | Entered the Ecumenical Temple
  7526 | D:7      | Noticed Joseph
  7543 | D:7      | Killed Joseph
  7544 | D:7      | Reached skill level 10 in Axes
  7686 | D:7      | Noticed a hornet
  7691 | D:7      | Paralysed by a hornet for 1 turns
  7694 | D:7      | Killed a hornet
  8139 | D:7      | Noticed a two-headed ogre
  8174 | D:6      | Killed a two-headed ogre
  8389 | D:7      | Reached XP level 10. HP: 88/88 MP: 15/15
  8424 | D:7      | Noticed Dowan
  8426 | D:7      | Noticed Duvessa
  8435 | D:7      | Killed Dowan
  8442 | D:7      | Killed Duvessa
  8559 | D:7      | Found a shadowy altar of Dithmenos.
  8560 | D:7      | Found a white marble altar of Elyvilon.
  8561 | D:7      | Found a blossoming altar of Fedhas.
  8562 | D:7      | Found a radiant altar of Vehumet.
  8787 | D:7      | Noticed a boulder beetle
  8840 | D:7      | Killed a two-headed ogre
  9370 | D:8      | Found a burning altar of Makhleb.
  9782 | D:9      | Found Dotokob's General Store.
  9840 | D:9      | Found a glowing silver altar of Zin.
  9847 | D:9      | Fell from the grace of the Shining One
  9847 | D:9      | Became a worshipper of Zin the Law-Giver
  9847 | D:9      | Reached * piety under Zin
  9847 | D:9      | Reached ** piety under Zin
  9847 | D:9      | Reached *** piety under Zin
 10014 | D:9      | Noticed Harold
 10030 | D:9      | Killed Harold
 10031 | D:9      | Reached XP level 11. HP: 68/97 MP: 16/18
 10480 | D:9      | Found a stormy altar of Qazlal.
 10579 | D:9      | Found an opulent altar of Gozag.
 10848 | D:10     | Entered Level 10 of the Dungeon
 10859 | D:10     | Found a staircase to the Lair.
 11289 | D:10     | Noticed an orc sorcerer
 11301 | D:10     | Killed an orc sorcerer
 11820 | D:10     | Reached skill level 10 in Invocations
 11924 | D:10     | Noticed a two-headed ogre
 11932 | D:10     | Noticed a cyclops
 11935 | D:10     | Killed a two-headed ogre
 11936 | D:10     | Reached skill level 10 in Fighting
 11960 | D:10     | Noticed a cyclops
 11963 | D:10     | Noticed a centaur warrior
 11963 | D:10     | Noticed a two-headed ogre
 11975 | D:10     | Killed a cyclops
 12035 | D:10     | Noticed a cyclops
 12463 | D:10     | Reached skill level 15 in Axes
 13468 | D:10     | Killed a cyclops
 13587 | D:10     | Reached XP level 12. HP: 94/108 MP: 20/20
 13883 | D:10     | Reached skill level 10 in Armour
 13936 | D:10     | Found a bloodstained altar of Trog.
 14066 | D:10     | Reached **** piety under Zin
 14226 | Lair:1   | Entered Level 1 of the Lair of Beasts
 14274 | Lair:1   | You fall into a shaft and drop 1 floor!
 14308 | Lair:2   | Found a staircase to the Shoals.
 14644 | Lair:2   | Noticed a four-headed hydra
 14653 | Lair:2   | Noticed a seven-headed hydra
 14656 | Lair:2   | Killed a one-headed hydra
 14672 | Lair:2   | Killed a one-headed hydra
 14889 | Lair:1   | Learned a level 2 spell: Blink
 15217 | Lair:1   | Found the +8 Vampire's Tooth {vamp}
 16713 | Lair:2   | Found a burning altar of Makhleb.
 17484 | Lair:3   | Reached XP level 13. HP: 115/118 MP: 23/23
 17615 | Lair:3   | Found a staircase to the Snake Pit.
 18095 | Lair:4   | Found a runed translucent gate.
 18096 | Lair:4   | Found a runed translucent gate.
 18097 | Lair:4   | Found a runed translucent gate.
 18497 | Lair:4   | Reached ***** piety under Zin
 18907 | Lair:4   | Reached skill level 15 in Invocations
 19582 | Lair:4   | Noticed Eqaz's ghost (journeyman MiHu)
 19614 | Lair:4   | Killed Eqaz's ghost
 19856 | Lair:5   | Noticed Gaergho's ghost (journeyman DrAK)
 19873 | Lair:5   | Found a transporter.
 19957 | Lair:5   | Found a staircase to the Slime Pits.
 20531 | Lair:5   | Found a transporter.
 21209 | Lair:6   | Entered Level 6 of the Lair of Beasts
 21225 | Lair:6   | Reached XP level 14. HP: 103/129 MP: 24/26
 23310 | Lair:6   | Found the necklace of Bloodlust {*Rage Will++ Int-3 Slay+6}
 24012 | Lair:6   | Identified the +12 quarterstaff "Bofeck" {elec, *Noise
                  | rElec rPois Will++}
 24139 | Lair:6   | Reached XP level 15. HP: 137/139 MP: 28/28
 24354 | D:11     | Found Renoket's Weapon Shoppe.
 24354 | D:11     | Found a staircase to the Orcish Mines.
 24354 | D:11     | Found Funnunimet's Armour Shoppe.
 24988 | D:11     | Reached ****** piety under Zin
 25021 | D:11     | Found a hazy altar of Hepliaklqana.
 25037 | D:11     | Noticed Fannar
 25053 | D:11     | Killed Fannar
 25483 | D:11     | You fall into a shaft and drop 2 floors!
 25569 | D:13     | Found a gate leading to a gauntlet.
 25578 | Gauntlet | Entered a Gauntlet
 25578 | Gauntlet | Found a transporter.
 25587 | Gauntlet | Found a runed translucent door.
 25588 | Gauntlet | Found a transporter.
 25590 | Gauntlet | Found a transporter.
 25592 | Gauntlet | Found a runed translucent door.
 25607 | Gauntlet | Found a transporter.
 25619 | Gauntlet | Found a transporter.
 25634 | Gauntlet | Found a transporter.
 25650 | Gauntlet | Found a transporter.
 25670 | Gauntlet | Found a transporter.
 25674 | Gauntlet | Found a transporter.
 25682 | Gauntlet | Found a transporter.
 25706 | Gauntlet | Found a transporter.
 25708 | Gauntlet | Found a transporter.
 25785 | Gauntlet | Slain by a death scarab

Illustrated notes

Levels and vault maps discovered:
D:1:      lightli_arrival_windingriver, layout_basic,
          chequers_serial_rivers_room_a
D:2:      layout_basic, basic_altar
D:3:      layout_rooms, chequers_ecumenical_altar_simple, serial_bayou_pond_e
D:4:      layout_cave_pools, mainiacjoe_overflow_catch_the_wave, serial_bayou,
          serial_bayou_shore_a, serial_bayou_pond_a, serial_bayou_crossing,
          serial_bayou_lake_a
D:5:      layout_layer_cave, mainiacjoe_overflow_surrounded_room,
          nemelex_spade_bored_becter, kennysheep_donut
D:6:      layout_loops_ring, minmay_temple_entry_poolview, uniq_eustachio
D:7:      layout_cave_pools, mainiacjoe_overflow_alcove_3,
          lightli_corner_chamber, uniq_duvessa, uniq_joseph
D:8:      layout_rooms, bloody_makhleb, grunt_ministairs_8, hex_large
D:9:      layout_basic, pdpol_temple_overflow_zin_treasury_gozag_greed,
          mainiacjoe_overflow_alcove_1, serial_shops, nicolae_stop_n_shop_1,
          uniq_harold
D:10:     lemuel_castle_with_subvaults [lemuel_castle_interior_carwin_2],
          layout_irregular_city, mainiacjoe_overflow_alcove_2,
          erik_lair_orcish_takeover
D:11:     layout_irregular_city, orc_david_3, grunt_ministairs_10,
          minmay_door_square, worldfamousw_hep_ancestral_shrine, uniq_fannar
D:13:     layout_roguey, gauntlet_entry_generic
Temple:   dpeg_three_leaves_temple
Lair:1:   minmay_lair_oklob_chamber, layout_loops_ring
Lair:2:   layout_cave_pods, shoals_dummy_entry, basic_altar, minivault_26,
          chequers_serial_rivers_micro_e
Lair:3:   layout_chaotic_city, minmay_snake_entry_guardpost_small
Lair:4:   layout_cave_pods, ebering_ghost_rock_garden, serial_bayou_shore_b,
          grunt_megastairs_5
Lair:5:   layout_hall_layers, nicolae_slime_entry_slimehenge, nzn_ghost_randoct,
          nicolae_volcano_entry_batcave
Lair:6:   evilmike_catoblepas_cave, layout_cave_pods, fungi_pond_lemuel
Gauntlet: minmay_gauntlet_mixed_oops_all_seconds [minmay_gauntlet_arena_77_mess,
          gammafunk_gauntlet_arena_split_x, minmay_gauntlet_arena_77_cramped,
          gammafunk_gauntlet_arena_grid,
          minmay_gauntlet_arena_77_radiant_squares,
          gammafunk_gauntlet_arena_teeth, gauntlet_exit_green]

Skill      XL: |  1  2  3  4  5  6  7  8  9 10 11 12 13 14 |
---------------+-------------------------------------------+-----
Axes           | 3 4 5 6 7 9 11 13 15 16 17 18 | 18.6
Invocations    | 1 2 3 4 6 7 9 10 13 16 18 | 18.4
Fighting       | 4 5 6 8 9 10 12 13 14 | 14.5
Armour         | 4 5 6 7 8 9 11 12 13 | 13.4
Shields        | 4 |  4.0

Action                   |  1- 3 |  4- 6 |  7- 9 | 10-12 | 13-15 || total
-------------------------+-------+-------+-------+-------+-------++-------
Melee: War axe           |   113 |   111 |   215 |   396 |       ||   835
       Battleaxe         |       |       |       |   148 |   548 ||   696
       Hand axe          |       |       |       |    20 |    44 ||    64
Throw: Boomerang         |       |       |       |     1 |     1 ||     2
Invok: Lesser Healing    |       |     4 |       |       |       ||     4
       Divine Shield     |       |       |     1 |     1 |       ||     2
       Recite            |       |       |       |    13 |     8 ||    21
       Vitalisation      |       |       |       |     4 |     3 ||     7
       Imprison          |       |       |       |       |     1 ||     1
  Use: Scroll            |     1 |     2 |       |     7 |     4 ||    14
       Potion            |       |     1 |       |       |     4 ||     5
 Stab: Invisible         |       |       |       |     4 |     2 ||     6
       Confused          |       |       |       |     1 |     4 ||     5
       Paralysed         |       |       |       |       |     5 ||     5
Armor: Scale mail        |    59 |    47 |       |       |       ||   106
       Chain mail        |       |     3 |     8 |       |       ||    11
       Plate armour      |       |       |   142 |   293 |   446 ||   881
Dodge: Dodged            |    70 |    64 |    56 |   168 |   151 ||   509
Block: Buckler           |    27 |    39 |    46 |    83 |       ||   195
       Other             |       |       |       |    28 |   136 ||   164

Table legend: (Time is in decaauts)
 A = Elapsed time spent in this place.
 B = Non-inter-level travel time spent in this place.
 C = Inter-level travel time spent in this place.
 D = Time resting spent in this place.
 E = Time spent auto-exploring this place.
 F = Levels seen in this place.
 G = Mean time per level.
                   A        B        C        D        E       F      G
               +--------+--------+--------+--------+--------+-----+--------+
         Total |  25762 |  24720 |   1042 |   8987 |  11886 |  20 | 1288.1 |
       Dungeon |  15369 |  14641 |    728 |   5472 |   6839 |  12 | 1280.8 |
        Temple |    186 |    186 |      0 |    100 |     59 |   1 |  186.0 |
          Lair |   9995 |   9681 |    314 |   3415 |   4859 |   6 | 1665.8 |
      Gauntlet |    210 |    210 |      0 |      0 |    128 |   1 |  210.0 |
               +--------+--------+--------+--------+--------+-----+--------+

Top non-repeatable levels by time:
    D:10: 3316 daAuts
  Lair:6: 2691 daAuts
     D:5: 2529 daAuts
  Lair:2: 1746 daAuts
  Lair:4: 1724 daAuts
  Lair:5: 1693 daAuts
     D:9: 1505 daAuts
     D:7: 1462 daAuts
     D:4: 1181 daAuts
  Lair:3: 1162 daAuts
     D:6: 1122 daAuts
     D:2: 1038 daAuts
  Lair:1: 976 daAuts
     D:1: 943 daAuts
     D:3: 833 daAuts
